 Dungeon Crawl Stone Soup version 0.27-a0-732-ga892ba84f6 (webtiles) character file.

Game seed: 7851088076438508984

161 rageheart7 the Ruffian (level 5, 0/53 HPs)
             Began as a Troll Fighter on Mar 23, 2021.
             Killed by nerve-wracking pain
             ... invoked by Grinder
              (12 damage)
             ... on level 3 of the Dungeon.
             The game lasted 00:03:33 (2107 turns).

rageheart7 the Ruffian (Troll Fighter)              Turns: 2107, Time: 00:03:34

Health: 0/53       AC:  4    Str: 25    XL:     5   Next: 19%
Magic:  4/4        EV:  7    Int:  4    God:
Gold:   145        SH:  8    Dex:  9    Spells: 4/4 levels left

rFire    . . .     SeeInvis .     - Unarmed
rCold    . . .     Faith    .   b - +0 kite shield
rNeg     . . .     Spirit   .   a - +0 robe
rPois    .         Reflect  .   (helmet restricted)
rElec    .         Harm     .   (no cloak)
rCorr    .         Rampage  .   (gloves unavailable)
Will     .....                  (boots unavailable)
Stlth    +.........             (no amulet)
HPRegen  1.17/turn              (no ring)
MPRegen  0.09/turn              (no ring)

@: no status effects
A: large, unfitting armour, claws 3, regeneration 1, shaggy fur 1, tough skin 1
a: no special abilities


You were on level 3 of the Dungeon.
You visited 1 branch of the dungeon, and saw 4 of its levels.

You collected 145 gold pieces.

Inventory:

Armour
 a - a +0 robe (worn)
 b - a +0 kite shield (worn)
Scrolls
 d - a scroll of teleportation {unknown}
 e - a scroll of enchant armour {unknown}
 f - 4 scrolls of identify {unknown}
 j - a scroll of fear {unknown}
 k - a scroll of torment {unknown}
Potions
 c - 2 potions of might
 g - a potion of degeneration {unknown}
 h - 2 potions of lignification {unknown}
 i - 2 potions of mutation {unknown}
 l - a potion of berserk rage {unknown}
 m - a potion of brilliance {unknown}
 n - 2 potions of curing {unknown}


   Skills:
 * Level 3.5 Fighting
 - Level 2.4 Dodging
 - Level 2.4 Shields
 * Level 4.5 Unarmed Combat


You had 4 spell levels left.
You didn't know any spells.
Your spell library was empty.

Dungeon Overview and Level Annotations

Branches:
Dungeon (4/15)
 Temple: D:4-7

Altars:
Elyvilon
Hepliaklqana
Sif Muna
Trog

Annotations:
D:3 Grinder


Innate Abilities, Weirdness & Mutations

You are too large for most types of armour.
You have claws for hands.
Your natural rate of healing is unusually fast.
You are covered in fur. (AC +1)
You have tough skin. (AC +1)


Message History

You climb upwards.
There is a stone staircase leading down here.
You scratch the quokka.
The quokka is almost dead.
You block Grinder's attack.
The quokka twitches its whiskers.
The quokka completely misses you.
Unknown command.
You claw the quokka!
You kill the quokka!
Grinder hits you.
* * * LOW HITPOINT WARNING * * *
You claw Grinder!
Grinder is severely wounded.
Grinder closely misses you. Grinder hits you.
* * * LOW HITPOINT WARNING * * *
You claw Grinder!
Grinder is almost dead.
Grinder hits you.
* * * LOW HITPOINT WARNING * * *
You writhe in agony.
* * * LOW HITPOINT WARNING * * *
You scratch Grinder but do no damage.
Grinder is almost dead.
You block Grinder's attack.
You barely miss Grinder.
Grinder is almost dead.
Grinder barely misses you.
Your shield prevents you from hitting Grinder.
Grinder is almost dead.
You block Grinder's attack.
You barely miss Grinder.
Grinder is almost dead.
You block Grinder's attack.
You barely miss Grinder.
Grinder is almost dead.
Grinder blinks!
Grinder gestures at you. Pain shoots through your body!
You die...

#..#.#####....# #)#
#....#. #.#.## #.#### #.#
#.##... #.### #.# #.#
#.####. #.# #.# #.# #.# ##
#.# ##.## #.# #.# # #.#
##...## #.# #.# #.#
##.....## #.# #.#
##.#####5......###.# #.#
#...........@>..##.# #.#
#..#####....ยง..###.####.#
#..######...............#
#............#####.######
#.#########.## #.# #####
#.# ### #.# ##...###
#.########## #.###.......
#..<.......# #........[##
##########.# ##..........


You could see Grinder.

Vanquished Creatures
  An orc priest (D:3)
  3 gnolls (D:4)
  3 adders
  2 orcs (D:3)
  7 ball pythons
  6 bats
  4 giant cockroaches
  4 goblins
  3 hobgoblins
  10 jackals
  4 oozes
  5 quokkas
  6 frilled lizards
  4 kobolds
  8 rats
70 creatures vanquished.

Notes
Turn   | Place    | Note
-------+----------+-------------------------------------------
     0 | D:1      | rageheart7 the Troll Fighter began the quest for the Orb.
     0 | D:1      | Reached XP level 1. HP: 22/22 MP: 0/0
   249 | D:1      | Reached XP level 2. HP: 29/29 MP: 1/1
   564 | D:1      | Found a hazy altar of Hepliaklqana.
   608 | D:2      | You fall into a shaft and drop 1 floor!
   749 | D:2      | Reached XP level 3. HP: 36/37 MP: 2/2
   961 | D:2      | Found a bloodstained altar of Trog.
  1122 | D:2      | Reached skill level 3 in Unarmed Combat
  1226 | D:3      | Found a white marble altar of Elyvilon.
  1285 | D:3      | Reached XP level 4. HP: 39/45 MP: 3/3
  1333 | D:3      | Found a shimmering blue altar of Sif Muna.
  1490 | D:3      | Reached skill level 4 in Unarmed Combat
  2080 | D:4      | Reached XP level 5. HP: 53/53 MP: 4/4
  2083 | D:4      | Noticed Grinder
  2107 | D:3      | Killed from afar by Grinder

Illustrated notes

Levels and vault maps discovered:
D:1:      dpeg_arrival_lava_altar, layout_rooms, fountainhead
D:2:      layout_basic, lightli_temple_of_fire, minmay_quantized
D:3:      layout_loops_ring, old_standard_altar, led_sif_book
D:4:      layout_loops_cross, minmay_temple_entry_stoned_glass, uniq_robin,
          uniq_natasha, uniq_grinder

Skill      XL: |  1  2  3  4 |
---------------+-------------+-----
Fighting       | 3 |  3.5
Unarmed Combat | 3 4 |  4.5
Dodging        | |  2.4
Shields        | |  2.4

Action                   |  1- 3 |  4- 6 || total
-------------------------+-------+-------++-------
Melee: Unarmed           |    96 |    67 ||   163
 Stab: Sleeping          |     2 |       ||     2
Armor: Robe              |    33 |    14 ||    47
Dodge: Dodged            |    24 |    22 ||    46
Block: Kite shield       |    41 |    35 ||    76

Table legend: (Time is in decaauts)
 A = Elapsed time spent in this place.
 B = Non-inter-level travel time spent in this place.
 C = Inter-level travel time spent in this place.
 D = Time resting spent in this place.
 E = Time spent auto-exploring this place.
 F = Levels seen in this place.
 G = Mean time per level.
                   A        B        C        D        E       F      G
               +--------+--------+--------+--------+--------+-----+--------+
         Total |   2136 |   2012 |    124 |      3 |   1559 |   4 |  534.0 |
       Dungeon |   2136 |   2012 |    124 |      3 |   1559 |   4 |  534.0 |
               +--------+--------+--------+--------+--------+-----+--------+

Top non-repeatable levels by time:
     D:3: 889 daAuts
     D:1: 614 daAuts
     D:2: 612 daAuts
     D:4: 21 daAuts
